 Seeded DCSS version 0.30-a0-956-gcec3b41aec (webtiles) character file.

Game seed: 13137397067068997422 (custom seed)

9652 mistaj the Fighter (level 11, -1/63 HPs)
             Began as a Vine Stalker Fighter on Mar 30, 2023.
             Was a High Priest of Cheibriados.
             Slain by a killer bee (4 damage)
             ... on level 9 of the Dungeon.
             The game lasted 00:16:36 (9591 turns).

mistaj the Fighter (Vine Stalker Fighter)           Turns: 9591, Time: 00:16:37

Health: -1/63      AC:  9    Str: 34    XL:     11   Next: 49%
Magic:  0/25       EV: 10    Int: 23    God:    Cheibriados [*****.]
Gold:   510        SH:  5    Dex: 27    Spells: 29/29 levels left

rFire   + . .      SeeInvis .    J - +0 double sword (heavy)
rCold   + . .      Faith    .    (no shield)
rNeg    + . .      Spirit   +    v - +2 ring mail {rF+}
rPois   .          Reflect  +    (no helmet)
rElec   +          Rampage  .    (no cloak)
rCorr   .                        q - +0 pair of gloves of Least Resistance {rElec}
Will    +....                    K - +0 pair of boots
Stlth   +                        m - amulet of reflection
HPRegen 1.10/turn                x - ring of positive energy
MPRegen 0.19/turn                D - ring of protection from cold

@: lethally poisoned (-1 -> -9), very slow
A: fangs 3, regeneration 1, magic shield, antimagic bite, no potion heal 2
a: Renounce Religion, Bend Time, Temporal Distortion, Slouch, Step From Time


You were on level 9 of the Dungeon.
You worshipped Cheibriados.
Cheibriados was extremely pleased with you.
You visited 1 branch of the dungeon, and saw 9 of its levels.
You also visited: Sewer and Bailey.

You collected 510 gold pieces.

Inventory:

Hand Weapons
 g - a +4 heavy battleaxe
 l - a +0 battleaxe
 t - a +0 broad axe
 J - a +0 heavy double sword (weapon)
Missiles
 G - a throwing net (quivered)
Armour
 q - the +0 pair of gloves of Least Resistance (worn) {rElec}
   (You acquired it on level 4 of the Dungeon)

   rElec:     It insulates you from electricity.
 v - a +2 ring mail of fire resistance (worn)
 y - a +1 ring mail of cold resistance
 F - +0 acid dragon scales
 I - +0 steam dragon scales
 K - a +0 pair of boots (worn)
Jewellery
 m - an amulet of reflection (around neck)
 x - a ring of positive energy (left hand)
 D - a ring of protection from cold (right hand)
Wands
 c - a wand of paralysis (4)
 A - a wand of digging (8)
 H - a wand of roots (5)
Scrolls
 b - a scroll of torment {unknown}
 e - 6 scrolls of identify
 j - 4 scrolls of vulnerability {unknown}
 k - 4 scrolls of teleportation {unknown}
 n - 2 scrolls of magic mapping
 o - 2 scrolls of poison {unknown}
 p - 2 scrolls of silence {unknown}
 s - a scroll of brand weapon {unknown}
 u - 4 scrolls of enchant armour
 w - 2 scrolls of fog {unknown}
 z - a scroll of butterflies {unknown}
 B - a scroll of amnesia {unknown}
 C - 2 scrolls of enchant weapon {unknown}
Potions
 a - a potion of berserk rage
 d - 7 potions of might
 f - a potion of cancellation
 h - 6 potions of curing
 i - 5 potions of mutation
 r - 2 potions of brilliance
 E - a potion of magic


   Skills:
 + Level 10.0 Fighting
 * Level 2.9 Long Blades
 - Level 9.4 Axes
 - Level 2.4 Armour
 - Level 2.9 Shields
 - Level 9.7 Spellcasting


You had 29 spell levels left.
You didn't know any spells.
Your spell library contained the following spells:

 Spells                   Type           Power      Damage    Failure   Level
 Freeze                   Ice            44%        1d6       8%          1
 Shock                    Conj/Air       44%        1d5       8%          1
 Cigotuvi's Dreadful Rot  Necr/Pois/Air  22%        N/A       12%         2
 Ensorcelled Hibernation  Hex/Ice        22%        N/A       12%         2
 Passwall                 Tmut/Erth      9%         N/A       12%         2
 Frozen Ramparts          Ice            22%        1d4       24%         3
 Hailstorm                Conj/Ice       11%        3d5       24%         3
 Swiftness                Air            11%        N/A       24%         3
 Airstrike                Air            5%         2d(1-17)  61%         4
 Dispel Undead            Necr           11%        3d9       61%         4
 Yara's Violent Unravell  Hex/Tmut       5%         3d4       91%         5
 Death Channel            Necr           5%         N/A       100%        6
 Enfeeble                 Hex            5%         N/A       100%        7
 Chain Lightning          Conj/Air       5%         3d7       100%        9
 Fire Storm               Conj/Fire      5%         8d2       100%        9
 Shatter                  Erth           5%         3d8*      100%        9


Dungeon Overview and Level Annotations

Branches:
Dungeon (9/15)             Temple (0/1) D:5            Lair (0/5) D:9
  Sewer (visited)          Bailey (visited)
    Orc: D:9-12

Altars:
Ashenzari
Cheibriados
Dithmenos
Gozag
Kikubaaqudgha
Vehumet
Wu Jian
Xom
Yredelemnul
Zin
The Shining One

Shops:
D:5 *   D:8 *

Annotations:
D:9 Maurice


Innate Abilities, Weirdness & Mutations

You have razor-sharp teeth.
Your natural rate of healing is unusually fast.
When hurt, damage is shared between your health and your magic reserves.
Your bite disrupts and absorbs the magic of your enemies.
Potions cannot restore your health.


Message History

The killer bee stings you but does no damage.
The grasping roots release their grip on you.
You barely miss the killer bee.
The killer bee is severely wounded.
You feel very sick. The killer bee stings you! The killer bee stings you.
You are more poisoned.
The killer bee poisons you!
Maurice shouts, "HAHA!"
You block the killer bee's attack.
Maurice casts a spell.
Maurice flickers and vanishes!
Deactivating autopickup; reactivate with Ctrl-A.
The killer bee stings you.
You are more poisoned.
The killer bee poisons you!
You completely miss the killer bee.
You bite the killer bee, but do no damage.
The killer bee is severely wounded.
* * * LOW HITPOINT WARNING * * *
You feel extremely sick. You block the killer bee's attack. x2
You hear a zap.
The roots erupt in riotous growth!
The grasping roots grab you!
The killer bee is unaffected.
You are constricted.
* * * LOW HITPOINT WARNING * * *
The killer bee stings you.
* * * LOW HITPOINT WARNING * * *
The roots lose their grip on you. The killer bee closely misses you.
You hear an angry buzzing noise. x2; You hear a shout!
As you read the scroll labelled QEM DIDEZEEFFI, it crumbles to dust.
It is a scroll of enchant armour.
Your +1 ring mail of fire resistance glows green for a moment.
* * * LOW HITPOINT WARNING * * *
You feel very sick. The killer bee stings you.
* * * LOW HITPOINT WARNING * * *
The killer bee stings you!
You die...

*,,,,,,,,****,#..,,****,,..
*,,,,,,..####+#.#*,,,,P....
*,,,,,,,........######.PP..
***********#...†††.........
#....#####...P.# #....#
#..P...# #....# ##......#
*****##########....###..P....#
*,,,,......yy@.......'....P...
*,,,,####...##########.....P.P
****,,,,* #...+,,,,,*
#.....PP.
,,,,,,,,***#...**###,*
#....P..P *****,,,,,,#y..*
#<#+########.#..
*******,,,,#...* #.....# #.##.
,,,,,,,*,,,..#.* #.....####
#.##. ~~~~~~,*,,...#.*
#.....'..###+##+
,~~~,,~*,,,,,+,*
#.....##........


You could see 2 killer bees.

Vanquished Creatures
  2 vault guards (Bailey)
  A two-headed ogre (D:9)
  A troll (D:9)
  Prince Ribbit (Bailey)
  Sigmund (D:4)
  4 yaks (D:9)
  2 wyverns
  Eustachio (D:4)
  3 humans (Bailey)
  3 steam dragons
  2 acid dragons (D:8)
  Duvessa (D:4)
  2 water moccasins
  3 ice beasts
  An orc warrior (D:9)
  3 sky beasts
  3 black bears
  3 ogres
  2 phantoms
  8 centaurs
  Blork the orc (D:4)
  A kobold brigand (D:9)
  20 bullfrogs
  A gnoll sergeant (D:8)
  3 scorpions
  9 wights
  Dowan (D:4)
  3 howler monkeys
  2 orc priests
  A hound (D:5)
  2 jellies
  A sleepcap (D:6)
  An iguana (D:5)
  Terence (D:3)
  6 orc wizards
  13 gnolls
  10 adders
  6 river rats (Sewer)
  A shadow imp (D:6)
  3 white imps
  4 worms
  5 dart slugs
  23 orcs
  6 endoplasms
  8 giant cockroaches
  12 goblins
  8 hobgoblins
  3 quokkas
  18 ball pythons
  6 bats
  4 frilled lizards
  12 kobolds
  34 rats
  A spectral orc (D:7)
277 creatures vanquished.

Vanquished Creatures (others)
  2 demonic plants (D:3)
  11 fungi
  13 plants
26 creatures vanquished.

Grand Total: 303 creatures vanquished

Notes
Turn   | Place    | Note
-------+----------+-------------------------------------------
     0 | D:1      | mistaj the Vine Stalker Fighter began the quest for the
                  | Orb.
     0 | D:1      | Reached XP level 1. HP: 11/11 MP: 2/2
    76 | D:1      | Reached XP level 2. HP: 16/16 MP: 3/3
   325 | D:1      | Reached skill level 3 in Fighting
   333 | D:1      | Identified a scroll of acquirement
   333 | D:1      | Acquired a +4 heavy battleaxe
   526 | D:1      | Reached XP level 3. HP: 20/20 MP: 4/4
   754 | D:2      | Found Xexamnid's Weapon Shoppe.
   900 | D:2      | Gained mutation: Your natural rate of healing is unusually
                  | fast. [Vine Stalker growth]
   900 | D:2      | Reached XP level 4. HP: 18/24 MP: 3/5
  1204 | D:3      | Found an ornate altar of the Wu Jian Council.
  1234 | D:3      | Found a faded altar of an unknown god.
  1266 | D:3      | Acquired the amulet of Vanity {RegenMP Rampage rC++}
  1586 | D:3      | Noticed Terence
  1591 | D:3      | Killed Terence
  1655 | D:3      | Found a broken altar of Ashenzari.
  1720 | D:3      | Reached skill level 1 in Spellcasting
  1720 | D:3      | Reached XP level 5. HP: 29/29 MP: 7/7
  2004 | D:3      | Reached skill level 4 in Fighting
  2252 | D:4      | Noticed Dowan
  2253 | D:4      | Noticed Duvessa
  2253 | D:4      | Noticed Sigmund
  2554 | D:4      | Killed Sigmund
  2555 | D:4      | Reached XP level 6. HP: 34/34 MP: 8/10
  2747 | D:4      | Noticed Eustachio
  2750 | D:4      | Killed Eustachio
  2751 | D:4      | Reached XP level 7. HP: 38/38 MP: 10/12
  2823 | D:4      | Reached skill level 5 in Fighting
  2977 | D:4      | Found an opulent altar of Gozag.
  3030 | D:4      | Killed Duvessa
  3033 | D:4      | Killed Dowan
  3034 | D:4      | Reached skill level 5 in Axes
  3050 | D:4      | Gained mutation: You have razor-sharp teeth. [Vine Stalker
                  | growth]
  3050 | D:4      | Reached XP level 8. HP: 26/44 MP: 8/15
  3268 | D:4      | Noticed Blork the orc
  3272 | D:4      | Killed Blork the orc
  3297 | D:4      | Found a snail-covered altar of Cheibriados.
  3431 | D:4      | Became a worshipper of Cheibriados the Contemplative
  3571 | D:4      | Found a glowing silver altar of Zin.
  3637 | D:4      | Acquired the +0 pair of gloves of Least Resistance {rElec}
  3664 | D:5      | Entered Level 5 of the Dungeon
  3701 | D:5      | Found a glowing drain.
  3715 | Sewer    | Entered a sewer
  3793 | Sewer    | Reached * piety under Cheibriados
  3928 | Sewer    | Reached ** piety under Cheibriados
  3987 | Sewer    | Reached skill level 6 in Fighting
  3987 | Sewer    | Reached skill level 5 in Spellcasting
  3990 | Sewer    | HP: 2/44 [ball python (2)]
  4389 | D:5      | Found a staircase to the Ecumenical Temple.
  4397 | D:5      | Reached *** piety under Cheibriados
  4526 | D:5      | Found Fattoqam's Elemental Accessories.
  4676 | D:5      | Reached XP level 9. HP: 48/49 MP: 16/18
  5110 | D:5      | Reached skill level 7 in Fighting
  5326 | D:6      | Found a shadowy altar of Dithmenos.
  6140 | D:6      | Reached **** piety under Cheibriados
  6526 | D:7      | Reached XP level 10. HP: 51/56 MP: 16/22
  6565 | D:7      | Found an ancient bone altar of Kikubaaqudgha.
  6568 | D:7      | Reached skill level 8 in Fighting
  6678 | D:7      | Found a glowing golden altar of the Shining One.
  6936 | D:7      | Found a basalt altar of Yredelemnul.
  6969 | D:8      | Identified the +0 plate armour "Bouxoar" {Rampage}
  7182 | D:8      | Found a shimmering altar of Xom.
  7302 | D:8      | Found a radiant altar of Vehumet.
  7411 | D:8      | Found Liozef's General Store.
  7749 | D:8      | Reached ***** piety under Cheibriados
  8279 | D:9      | Reached skill level 9 in Fighting
  8303 | D:9      | Found a flagged portal.
  8316 | Bailey   | Entered a bailey
  8341 | Bailey   | Reached XP level 11. HP: 61/62 MP: 23/25
  8424 | Bailey   | Noticed a vault guard
  8432 | Bailey   | Killed a vault guard
  8522 | Bailey   | Noticed a vault guard
  8522 | Bailey   | Noticed Prince Ribbit
  8530 | Bailey   | Killed a vault guard
  8531 | Bailey   | Killed Prince Ribbit
  8623 | Bailey   | Acquired a +0 heavy double sword
  8707 | D:9      | Noticed Maurice
  8956 | D:9      | Reached skill level 1 in Long Blades
  9027 | D:9      | Noticed a two-headed ogre
  9032 | D:9      | Killed a two-headed ogre
  9466 | D:9      | Reached skill level 10 in Fighting
  9591 | D:9      | HP: 3/63 [killer bee (1)]
  9591 | D:9      | Slain by a killer bee

Illustrated notes

Levels and vault maps discovered:
D:1:      dpeg_arrival_long_road, layout_basic
D:2:      layout_rooms, serial_shops, nicolae_shop_bloodbath_and_beyond
D:3:      layout_loops_corners, lemuel_round_altar,
          mainiacjoe_overflow_alcove_4, shapermc_ecumenical_altar_gd,
          minmay_misc_feat_roman, uniq_terence
D:4:      cheibrodos_old_hovel, layout_basic, kennysheep_mini,
          nicolae_gozag_cash_rules_everything_around_me, zin_statuary,
          uniq_eustachio, uniq_duvessa, uniq_blork_the_orc, uniq_sigmund
D:5:      layout_basic, minmay_temple_entry_antechambers, portal_sewer_entry_b,
          nicolae_elemental_shop
D:6:      layout_rooms, grunt_dithmenos_shadows, centaur_isle
D:7:      layout_rooms, yredelemnul_forgotten_temple_becter,
          mainiacjoe_overflow_boulevard, general_overflow_altar
D:8:      layout_layer_cave, lemuel_doored_altar, mainiacjoe_overflow_24_doors,
          serial_shops, shop
D:9:      layout_basic, overflow_temple_1_default, mainiacjoe_overflow_paths,
          grunt_lair_entry_orc_guard_hut, enter_bailey_5,
          hangedman_decor_points, minmay_quadrilaterals, uniq_maurice

Skill      XL: |  1  2  3  4  5  6  7  8  9 10 11 |
---------------+----------------------------------+-----
Axes           | 2 3 4 5 6 7 9 |  9.4
Fighting       | 3 4 5 6 7 9 10 | 10.0
Spellcasting   | 1 2 3 4 5 7 9 |  9.7
Long Blades    | 2 |  2.9
Armour         | |  2.4
Shields        | |  2.9

Action                     |  1- 3 |  4- 6 |  7- 9 | 10-12 || total
---------------------------+-------+-------+-------+-------++-------
  Melee: War axe           |    25 |       |       |       ||    25
         Bite              |    11 |    11 |    31 |    33 ||    86
         Battleaxe         |    43 |    56 |   192 |    98 ||   389
         Double sword      |       |       |       |    39 ||    39
         Punch             |       |       |       |     2 ||     2
    Use: Scroll            |     1 |     1 |     1 |    12 ||    15
   Stab: Sleeping          |       |       |       |     1 ||     1
 Armour: Scale mail        |    50 |    36 |    30 |       ||   116
         Ring mail         |       |       |   150 |    71 ||   221
         Steam dragon scal |       |       |       |     2 ||     2
  Dodge: Dodged            |    68 |    47 |   248 |   111 ||   474
  Block: Buckler           |     5 |       |       |       ||     5
         Other             |       |     3 |   116 |    66 ||   185
         Reflection        |       |       |    25 |     3 ||    28

Table legend: (Time is in decaauts)
 A = Elapsed time spent in this place.
 B = Non-inter-level travel time spent in this place.
 C = Inter-level travel time spent in this place.
 D = Time resting spent in this place.
 E = Time spent auto-exploring this place.
 F = Levels seen in this place.
 G = Mean time per level.
                   A        B        C        D        E       F      G
               +--------+--------+--------+--------+--------+-----+--------+
         Total |  12376 |  12057 |    319 |   2721 |   6192 |  11 | 1125.1 |
       Dungeon |  11195 |  10876 |    319 |   2352 |   5944 |   9 | 1243.9 |
         Sewer |    681 |    681 |      0 |    183 |    175 |   1 |  681.0 |
        Bailey |    498 |    498 |      0 |    186 |     72 |   1 |  498.0 |
               +--------+--------+--------+--------+--------+-----+--------+

Top non-repeatable levels by time:
     D:8: 1935 daAuts
     D:6: 1922 daAuts
     D:9: 1463 daAuts
     D:3: 1437 daAuts
     D:4: 1275 daAuts
     D:5: 1242 daAuts
     D:7: 736 daAuts
   Sewer: 681 daAuts
     D:1: 616 daAuts
     D:2: 566 daAuts
  Bailey: 498 daAuts
